 Dungeon Crawl Stone Soup version 0.21-a0-417-g0adc95b (webtiles) character file.

175 NoRagrets the Poker (level 5, 0/43 HPs)
             Began as a Merfolk Fighter on Nov 3, 2017.
             Slain by an orc priest
             ... wielding a +7 mace
              (10 damage)
             ... on level 3 of the Dungeon.
             The game lasted 00:02:41 (1997 turns).

NoRagrets the Poker (Merfolk Fighter)               Turns: 1997, Time: 00:02:42

Health: 0/43       AC:  8    Str: 17    XL:     5   Next: 55%
Magic:  5/5        EV:  9    Int:  8    God:
Gold:   166        SH:  9    Dex: 13    Spells: 4/4 levels left

rFire    . . .     SeeInvis .   a - +0 trident
rCold    . . .     Gourm    .   c - +0 shield
rNeg     + . .     Faith    .   o - +0 ring mail
rPois    .         Spirit   .   (no helmet)
rElec    .         Reflect  .   u - +0 cloak
rCorr    .         Harm     .   n - +1 pair of gloves
MR       .....                  (no boots)
Stlth    +.........             (no amulet)
HPRegen  0.14/turn              t - ring of positive energy
MPRegen  0.09/turn              (no ring)

@: no status effects
A: change form in water, swift swim, stealthy swim
a: no special abilities


You were on level 3 of the Dungeon.
You were not hungry.

You visited 1 branch of the dungeon, and saw 3 of its levels.

You collected 166 gold pieces.

Inventory:

Hand Weapons
 a - a +0 trident (weapon)
Armour
 c - a +0 shield (worn)
 n - a +1 pair of gloves (worn)
 o - a +0 ring mail (worn)
 u - a +0 cloak (worn)
Jewellery
 t - a ring of positive energy (left hand)
Scrolls
 j - a scroll of blinking {unknown}
 l - 2 scrolls of teleportation {unknown}
 m - a scroll of remove curse {unknown}
 p - 2 scrolls of identify {unknown}
 q - a scroll of enchant armour {unknown}
 r - 2 scrolls of enchant weapon {unknown}
 s - 2 scrolls of recharging {unknown}
Potions
 b - a potion of curing {unknown}
 d - 3 potions of might
 e - 2 potions of berserk rage {unknown}
 g - a potion of magic {unknown}
Comestibles
 f - 3 bread rations
 h - a chunk of flesh
 i - 2 royal jellies
 k - 3 fruits


   Skills:
 + Level 4.3 Fighting
 + Level 4.7 Polearms
 - Level 2.3 Armour
 + Level 2.8 Dodging
 + Level 3.9 Shields


You had 4 spell levels left.
You didn't know any spells.

Dungeon Overview and Level Annotations

Branches:
Dungeon (3/15)

Altars:
Cheibriados
The Shining One


Message History

You are too injured to fight recklessly!
You are too injured to fight recklessly!
You are too injured to fight recklessly!
You are too injured to fight recklessly!
You completely miss the orc priest.
The orc priest is moderately wounded.
The orc priest barely misses you.
You hit the orc priest.
The orc priest is severely wounded.
The orc priest hits you but does no damage.
You barely miss the orc priest.
The orc priest is severely wounded.
The orc priest hits you with an enchanted mace!
* * * LOW HITPOINT WARNING * * *
You barely miss the orc priest.
The orc priest is severely wounded.
You closely miss the orc priest.
The orc priest is severely wounded.
The orc priest hits you with an enchanted mace!
You die...

###....)...###.########
#......÷.### #.# #
#.##.###># #.# # # #.
#.# ##+## # #. #.#
##...## #.##.#
#.###.....## #.....
..##.......## #
##...####.......÷.####
#...)@..'.........'...
##..o####.........###.
#..... ##.......## #.
#.##.# ##.....## #. #
#$ ##...## #. .. ##+##
#. ## #. #. ##


You could see an orc priest.

Vanquished Creatures
  An orc priest (D:3)
  Crazy Yiuf (D:2)
  6 adders
  A worm (D:2)
  3 orcs
  5 giant cockroaches
  6 goblins
  3 hobgoblins
  10 jackals
  6 kobolds
  A quokka (D:2)
  2 ball pythons (D:1)
  8 bats
  7 rats
60 creatures vanquished.

Notes
Turn   | Place    | Note
-------+----------+-------------------------------------------
     0 | D:1      | NoRagrets the Merfolk Fighter began the quest for the Orb.
     0 | D:1      | Reached XP level 1. HP: 18/18 MP: 1/1
   139 | D:1      | Found a snail-covered altar of Cheibriados.
   202 | D:1      | Reached XP level 2. HP: 24/24 MP: 2/2
   723 | D:1      | Reached XP level 3. HP: 22/29 MP: 3/3
   778 | D:1      | Reached skill level 1 in Dodging
  1031 | D:2      | Found a runed door.
  1131 | D:2      | Reached XP level 4. HP: 29/37 MP: 4/4
  1347 | D:2      | Found a glowing golden altar of the Shining One.
  1568 | D:2      | Noticed Crazy Yiuf
  1577 | D:2      | Killed Crazy Yiuf
  1717 | D:3      | Reached XP level 5. HP: 39/42 MP: 5/5
  1997 | D:3      | Slain by an orc priest

Vault maps used:
D:1:      co_arrival_random_square_maze, minmay_misc_feat_hallway,
          cheibriados_altar_1
D:2:      nicolae_tso_swordbearing_angel, uniq_crazy_yiuf_cottage
D:3:      nemelex_xobeh_ov_fountains_minmay, minmay_misc_feat_roman

Skill      XL: |  1  2  3  4 |
---------------+-------------+-----
Dodging        | 1 2 |  2.8
Polearms       | 4 |  4.7
Fighting       | 4 |  4.3
Armour         | |  2.3
Shields        | |  3.9

Action                   |  1- 3 |  4- 6 || total
-------------------------+-------+-------++-------
Melee: Trident           |   142 |   121 ||   263
  Eat: Chunk             |     1 |     3 ||     4
Armor: Scale mail        |    30 |       ||    30
       Ring mail         |    27 |    44 ||    71
Dodge: Dodged            |    38 |    35 ||    73
Block: Shield            |    71 |    41 ||   112

Table legend:
 A = Spawn XP
 B = Non-spawn XP
 C = Spawn XP percentage of total XP
 D = Spawn monster count
 E = Non-spawn monster count
 F = Spawn count percentage of total count
 G = Total turns spent on level
                    A         B        C        D         E        F      G
               +---------+---------+-------+---------+---------+-------+---------
         Total |       0 |     251 |   0.0 |       0 |      60 |   0.0 |  1997
               +---------+---------+-------+---------+---------+-------+---------
           D:1 |       0 |      41 |   0.0 |       0 |      25 |   0.0 |   939
           D:2 |       0 |     116 |   0.0 |       0 |      24 |   0.0 |   769
           D:3 |       0 |      94 |   0.0 |       0 |      11 |   0.0 |   289
               +---------+---------+-------+---------+---------+-------+---------
